 Dungeon Crawl Stone Soup version 0.30-a0-672-gc3a7216ad8 (webtiles) character file.

Game seed: 9765697526847494289

130 drugrobin the Ruffian (level 4, -1/37 HPs)
             Began as a Demigod Delver on Jan 19, 2023.
             Slain by an adder zombie (3 damage)
             ... in an ossuary.
             The game lasted 00:01:49 (393 turns).

drugrobin the Ruffian (Demigod Delver)               Turns: 393, Time: 00:01:50

Health: -1/37      AC:  3    Str: 17    XL:     4   Next: 59%
Magic:  6/6        EV: 12    Int: 12    God:
Gold:   0          SH:  0    Dex: 15    Spells: 3/3 levels left

rFire   . . .      SeeInvis .      - Unarmed
rCold   . . .      Faith    .    (no shield)
rNeg    . . .      Spirit   .    a - +0 leather armour
rPois   .          Reflect  .    (no helmet)
rElec   .          Harm     .    (no cloak)
rCorr   .          Rampage  .    (no gloves)
Will    .....                    (no boots)
Stlth   +++                      (no amulet)
HPRegen 0.26/turn                (no ring)
MPRegen 0.10/turn                (no ring)

@: no status effects
A: high MP 1, forlorn, divine attributes
a: no special abilities


You were in an ossuary.
You visited 1 branch of the dungeon, and saw 1 of its levels.
You also visited: Ossuary.

Inventory:

Armour
 a - a +0 leather armour (worn)
Wands
 f - a wand of digging (3)
Scrolls
 b - a scroll of fog
 c - a scroll of magic mapping


   Skills:
 - Level 2.6 Fighting
 - Level 1.7 Dodging
 - Level 4.5 Stealth
 + Level 4.7 Unarmed Combat


You had 3 spell levels left.
You didn't know any spells.
Your spell library was empty.

Dungeon Overview and Level Annotations

Branches:
Dungeon (5/15)            Ossuary (1/1)
 Temple: D:4-7


Innate Abilities, Weirdness & Mutations

You have an increased reservoir of magic. (+10% MP)
You shall have no god before yourself.
Your divine heritage dramatically boosts your attributes as you level up.


Message History

You completely miss the water moccasin zombie.
The water moccasin zombie is severely damaged.
The water moccasin zombie completely misses you.
You hit the water moccasin zombie.
The water moccasin zombie is severely damaged.
The water moccasin zombie barely misses you.
You punch the water moccasin zombie!
The water moccasin zombie is almost destroyed.
The water moccasin zombie bites you.
You completely miss the water moccasin zombie.
The water moccasin zombie is almost destroyed.
The water moccasin zombie barely misses you.
You hit the water moccasin zombie but do no damage.
The water moccasin zombie is almost destroyed.
The water moccasin zombie bites you.
You closely miss the water moccasin zombie.
The water moccasin zombie is almost destroyed.
The water moccasin zombie bites you. The water moccasin zombie bites you!
* * * LOW HITPOINT WARNING * * *
Unknown command.
Unknown command.
You punch the water moccasin zombie!
You destroy the water moccasin zombie!
You have reached level 4!
Unknown command.
Unknown command.
The adder zombie attacks as you move away!
The adder zombie bites you.
* * * LOW HITPOINT WARNING * * *
Unknown command.
Unknown command.
Unknown command.
Unknown command.
Unknown command.
Unknown command.
Unknown command.
Unknown command.
Unknown command.
The adder zombie bites you.
You die...

### ##############
+...#....'...#...#
#..ZZZ.Z@#...#...#
#...#....#...'...#
### ###########'##
#...# #...# #...#
#...# ###'# #...#


You could see an adder zombie, 2 gnoll zombies and a kobold zombie.

Vanquished Creatures
  2 water moccasin zombies (Ossuary)
  4 adder zombies (Ossuary)
  A gnoll zombie (Ossuary)
  2 hobgoblin zombies (Ossuary)
  2 kobold zombies (Ossuary)
  2 orc zombies (Ossuary)
13 creatures vanquished.

Notes
Turn   | Place    | Note
-------+----------+-------------------------------------------
     0 | D:5      | drugrobin the Demigod Delver began the quest for the Orb.
     0 | D:5      | Reached XP level 1. HP: 18/18 MP: 3/3
     8 | D:5      | Noticed an orc priest
     8 | D:5      | Noticed an orc priest
    13 | D:5      | Noticed an orc priest
    60 | D:5      | Found a sand-covered staircase.
    65 | Ossuary  | Entered an ossuary
   141 | Ossuary  | Noticed a water moccasin zombie
   164 | Ossuary  | Reached XP level 2. HP: 18/25 MP: 4/4
   224 | Ossuary  | Reached XP level 3. HP: 6/30 MP: 5/5
   391 | Ossuary  | Reached XP level 4. HP: 4/37 MP: 6/6
   393 | Ossuary  | Slain by an adder zombie

Illustrated notes

Levels and vault maps discovered:
D:5:      layout_gridville, nicolae_uskayaw_en_pointe, slow_altar_1,
          minmay_temple_entry_crystal_x, enter_ossuary_5, uniq_blork_the_orc
Ossuary:  ossuary_tomb_2

Skill      XL: |  1  2  3 |
---------------+----------+-----
Unarmed Combat | 2 3 4 |  4.7
Fighting       | |  2.6
Dodging        | |  1.7
Stealth        | |  4.5

Action                   |  1- 3 |  4- 6 || total
-------------------------+-------+-------++-------
Melee: Unarmed           |   115 |       ||   115
       Punch             |     4 |       ||     4
  Use: Scroll            |     1 |       ||     1
       Potion            |     1 |       ||     1
 Stab: Sleeping          |     1 |       ||     1
Armor: Leather armour    |    23 |       ||    23
Dodge: Dodged            |    42 |       ||    42

Table legend: (Time is in decaauts)
 A = Elapsed time spent in this place.
 B = Non-inter-level travel time spent in this place.
 C = Inter-level travel time spent in this place.
 D = Time resting spent in this place.
 E = Time spent auto-exploring this place.
 F = Levels seen in this place.
 G = Mean time per level.
                   A        B        C        D        E       F      G
               +--------+--------+--------+--------+--------+-----+--------+
         Total |    369 |    369 |      0 |    141 |     15 |   2 |  184.5 |
       Dungeon |     56 |     56 |      0 |      0 |      0 |   1 |   56.0 |
       Ossuary |    312 |    312 |      0 |    141 |     15 |   1 |  312.0 |
               +--------+--------+--------+--------+--------+-----+--------+

Top non-repeatable levels by time:
 Ossuary: 312 daAuts
     D:5: 56 daAuts
